 Dungeon Crawl Stone Soup version 0.26-a0-540-g8a0c9464d7 (webtiles) character file.

Game seed: 1611678561401444486

2 vurker the Sneak (level 1, 0/18 HPs)
             Began as a Formicid Delver on Aug 24, 2020.
             Slain by an orc wizard
             ... wielding a +1 dagger of venom
              (4 damage)
             ... on level 4 of the Dungeon.
             The game lasted 00:00:23 (87 turns).

vurker the Sneak (Formicid Delver)                    Turns: 87, Time: 00:00:23

Health: 0/18       AC:  3    Str: 16    XL:     1   Next: 33%
Magic:  1/1        EV: 12    Int:  9    God:
Gold:   26         SH:  0    Dex: 12    Spells: 0/0 levels left

rFire    . . .     SeeInvis +   a - +0 hand axe
rCold    . . .     Faith    .   (no shield)
rNeg     . . .     Spirit   .   b - +0 leather armour
rPois    .         Reflect  .   (helmet unavailable)
rElec    .         Harm     .   (no cloak)
rCorr    .                      (no gloves)
MR       .....                  (no boots)
Stlth    +++.......             (no amulet)
HPRegen  0.06/turn              (no ring)
MPRegen  0.07/turn              (no ring)

@: lethally poisoned (0 -> -4)
A: permanent stasis, dig shafts and tunnels, four strong arms, antennae 3
a: Dig, Shaft Self


You were on level 4 of the Dungeon.
You visited 1 branch of the dungeon, and saw 2 of its levels.

You collected 26 gold pieces.

Inventory:

Hand Weapons
 a - a +0 hand axe (weapon)
Armour
 b - a +0 leather armour (worn)
Wands
 v - a wand of digging (3)
Scrolls
 c - a scroll of fog
 d - a scroll of magic mapping
 e - a scroll of fear


   Skills:
 + Level 3.3 Fighting
 * Level 2.1 Axes
 - Level 1.7 Dodging
 - Level 6.0 Stealth


You couldn't memorise any spells.
You didn't know any spells.
Your spell library was empty.

Dungeon Overview and Level Annotations

Branches:
Dungeon (5/15)
 Temple: D:4-7

Altars:


Innate Abilities, Weirdness & Mutations

You cannot be hasted, slowed, berserked, paralysed or teleported.
You can dig through walls and to a lower floor.
Your four strong arms can wield two-handed weapons with a shield.
You have a pair of large antennae on your head. (SInv)


Message History

A hound comes into view.
A hound is nearby!
You close the door.
Found 12 gold pieces.
Found a stone staircase leading up.
You now have 12 gold pieces.
There is a stone staircase leading up here.
You climb upwards.
You hear the hiss of flowing sand.
There is an entrance to an ossuary on this level.
Hurry and find it before the portal is buried!
You hear the sound of rushing water.
There is an entrance to a sewer on this level.
Hurry and find it before the portal rusts away!
Found 14 gold pieces.
There is a stone staircase leading down here.
You now have 26 gold pieces (gained 14).
An orc comes into view. It is wielding a +0 whip.
An orc is nearby!
No target in view!
You sense a monster nearby.
An orc wizard comes into view. It is wielding a +1 dagger of venom.
The orc wizard shouts!
You hear a shout! x3
The orc hits you but does no damage.
You extend your mandibles.
You dig through the rock wall.
An orc comes into view. It is wielding a +0 falchion.
You dig through the rock wall.
The orc shouts!
You dig through the rock wall.
You retract your mandibles.
You hit the orc. The orc hits you with a +0 whip.
You hit the orc. The orc misses you.
You closely miss the orc. You hit the orc. The orc hits you with a +0 falchion.
You hit the orc.
You kill the orc!
The orc wizard hits you with a +1 dagger of venom.
You are poisoned.
You hit the orc wizard but do no damage.
You feel sick. The orc wizard closely misses you.
You hit the orc wizard. The orc wizard closely misses you.
Your leather armour prevents you from hitting the orc wizard.
You feel sick.
The orc wizard hits you with a +1 dagger of venom.
* * * LOW HITPOINT WARNING * * *
You miss the orc wizard.
The orc wizard hits you with a +1 dagger of venom.
* * * LOW HITPOINT WARNING * * *
You closely miss the orc wizard.
* * * LOW HITPOINT WARNING * * *
You feel sick. The orc wizard completely misses you.
The orc wizard hits you with a +1 dagger of venom.
You die...

.# .. # #. #.##.#
#..... ### #...###
##@#
###.....####o########.
.......>...##{{{......
.###.##.##.###.#.#.#.
#.##.###{.##
#..........# {
####.###.##.# {
#####.# #.# ## ♣.....#
#..


You could see an orc wizard.

Vanquished Creatures
  An orc (D:4)
1 creature vanquished.

Notes
Turn   | Place    | Note
-------+----------+-------------------------------------------
     0 | D:5      | vurker the Formicid Delver began the quest for the Orb.
     0 | D:5      | Reached XP level 1. HP: 18/18 MP: 1/1
    30 | D:5      | Noticed a hound
    74 | D:4      | Noticed an orc wizard
    87 | D:4      | Slain by an orc wizard

Illustrated notes

Levels and vault maps discovered:
D:4:      layout_loops_cross, serial_forest, infiniplex_forest_clump_long,
          infiniplex_forest_side_room, infiniplex_forest_end_1,
          infiniplex_forest_fountain, infiniplex_forest_corner_1,
          infiniplex_forest_clump_medium, portal_sewer_entry_a,
          nicolae_ossuary_entry_catacombs
D:5:      layout_gridville, nicolae_qazlal_style_of_elements,
          lemuel_blue_sif_altar

Action                   || total
-------------------------++-------
Melee: Hand axe          ||    10
 Abil: Dig               ||     1
Dodge: Dodged            ||     4

Table legend: (Time is in decaauts)
 A = Elapsed time spent in this place.
 B = Non-inter-level travel time spent in this place.
 C = Inter-level travel time spent in this place.
 D = Time resting spent in this place.
 E = Time spent auto-exploring this place.
 F = Levels seen in this place.
 G = Mean time per level.
                   A        B        C        D        E       F      G
               +--------+--------+--------+--------+--------+-----+--------+
         Total |     89 |     89 |      0 |      0 |     39 |   2 |   44.5 |
       Dungeon |     89 |     89 |      0 |      0 |     39 |   2 |   44.5 |
               +--------+--------+--------+--------+--------+-----+--------+

Top non-repeatable levels by time:
     D:5: 59 daAuts
     D:4: 30 daAuts
